 Dungeon Crawl Stone Soup version 0.28-b1-70-g80dc712255 (webtiles) character file.

Game seed: 17869687122490316356

359 crazypyro the Chopper (level 6, -1/47 HPs)
             Began as a Demonspawn Fighter on Feb 3, 2022.
             Slain by a gnoll sergeant (2 damage)
             ... on level 4 of the Dungeon.
             The game lasted 00:04:07 (4083 turns).

crazypyro the Chopper (Demonspawn Fighter)          Turns: 4083, Time: 00:04:07

Health: -1/47      AC:  7    Str: 18    XL:     6   Next: 37%
Magic:  6/6        EV: 10    Int:  9    God:
Gold:   161        SH:  4    Dex: 13    Spells: 5/5 levels left

rFire   . . .      SeeInvis +   a - +0 war axe
rCold   . . .      Faith    .   c - +0 buckler
rNeg    . . .      Spirit   .   b - +0 scale mail
rPois   .          Reflect  .   (helmet restricted)
rElec   .          Harm     .   j - +0 cloak
rCorr   .          Rampage  .   (no gloves)
Will    .....                   (no boots)
Stlth   +.........              (no amulet)
HPRegen 0.15/turn               i - ring of see invisible
MPRegen 0.10/turn               (no ring)

@: no status effects
A: antennae 1, sturdy frame 3
a: no special abilities


You were on level 4 of the Dungeon.
You visited 1 branch of the dungeon, and saw 4 of its levels.

You collected 161 gold pieces.

Inventory:

Hand Weapons
 a - a +0 war axe (weapon)
Armour
 b - a +0 scale mail (worn)
 c - a +0 buckler (worn)
 j - a +0 cloak (worn)
Jewellery
 i - a ring of see invisible (left hand)
 m - a +6 ring of intelligence
 o - a ring of resist corrosion
Wands
 q - a wand of mindburst (1)
Scrolls
 e - a scroll of fear
 f - a scroll of torment {unknown}
 l - a scroll of identify
 p - a scroll of teleportation
 r - a scroll of holy word {unknown}
Potions
 d - a potion of might
 g - a potion of curing {unknown}
 h - a potion of attraction
 k - a potion of resistance
 n - a potion of degeneration {unknown}


   Skills:
 - Level 3.2 Fighting
 * Level 5.7 Axes
 - Level 3.0 Armour
 + Level 0.5 Dodging
 - Level 3.0 Shields


You had 5 spell levels left.
You didn't know any spells.
Your spell library contained the following spells:

 Spells                   Type           Power      Damage    Failure   Level
 Animate Skeleton         Necr           0%         N/A       54%         1
 Apportation              Tloc           0%         N/A       54%         1
 Summon Small Mammal      Summ           0%         N/A       54%         1
 Passage of Golubria      Tloc           0%         N/A       99%         4
 Silence                  Hex/Air        0%         N/A       100%        5
 Lehudib's Crystal Spear  Conj/Erth      0%         10d2      100%        8


Dungeon Overview and Level Annotations

Branches:
Dungeon (4/15)
 Temple: D:4-7

Altars:
Elyvilon

Annotations:
D:2 1 runed translucent door, Crazy Yiuf


Innate Abilities, Weirdness & Mutations

You have a pair of small antennae on your head.
Your movements are significantly less encumbered by armour. (ER -6)


Message History

The hound bites you. The hound bites you but does no damage.
You slash the hound!
You kill the hound!
No target in view!
You now have 161 gold pieces (gained 10).
The gnoll shouts!
A kobold brigand comes into view.
It is wielding a +0 short sword and quivering poisoned darts.
There are monsters nearby!
The gnoll throws a poisoned dart.
The poisoned dart hits you!
You are poisoned.
You feel very sick.
You feel sick.
You feel sick.
You feel sick.
A kobold comes into view. It is wielding a +0 dagger.
You feel sick.
The kobold shouts!
The gnoll hits you from afar with a +0 spear.
The gnoll hits you with a +0 whip.
You hit the gnoll.
The gnoll is lightly wounded.
You feel sick. The gnoll closely misses you.
You feel sick.
The gnoll hits you but does no damage. x2
You barely miss the gnoll. You closely miss the gnoll.
You feel sick.
You are no longer poisoned.
The gnoll hits you with a +0 whip. The gnoll hits you with a +0 spear.
You hit the gnoll.
The gnoll is moderately wounded.
You hit the gnoll. The gnoll hits you but does no damage.
You block the gnoll's attack. The gnoll barely misses you.
The gnoll hits you with a +0 whip.
You hit the gnoll.
The gnoll is heavily wounded.
You completely miss the gnoll. The gnoll barely misses you.
The gnoll hits you with a +0 whip!
* * * LOW HITPOINT WARNING * * *
The gnoll sergeant hits you from afar with a +0 trident of freezing!
* * * LOW HITPOINT WARNING * * *
The gnoll sergeant freezes you.
You die...

.......(.##########
...##.# .........r.#
#.##.# .........#.##
...#.# ......###...###
.. #.# ......#≈≈...≈≈#
... #.# ......#≈..♣..≈##
.... ...............##
.....
#####...♣._.♣..g##K.....
##..........@gK.....
##≈..♣..≈####g.....
#≈≈...≈≈# .....
###...### .... ##... ...
### ##


You could see a kobold brigand, a gnoll sergeant, 2 gnolls, a kobold and a
neutral quokka (wandering).

Vanquished Creatures
  5 hounds (D:4)
  An iguana (D:4)
  Natasha (thrice) (D:2)
  3 adders
  A gnoll (D:4)
  A worm (D:3)
  5 dart slugs
  2 orcs
  5 endoplasms
  2 giant cockroaches
  3 hobgoblins
  7 jackals
  3 quokkas
  3 ball pythons
  4 bats
  2 frilled lizards
  3 goblins (D:1)
  5 kobolds
  4 rats
62 creatures vanquished.

Vanquished Creatures (others)
  A worm (D:4)
  A fungus (D:1)
2 creatures vanquished.

Grand Total: 64 creatures vanquished

Notes
Turn   | Place    | Note
-------+----------+-------------------------------------------
     0 | D:1      | crazypyro the Demonspawn Fighter began the quest for the
                  | Orb.
     0 | D:1      | Reached XP level 1. HP: 18/18 MP: 1/1
   319 | D:1      | Found a faded altar of an unknown god.
   410 | D:1      | Reached skill level 2 in Axes
   462 | D:1      | Gained mutation: Your movements are slightly less
                  | encumbered by armour. (ER -2) [demonic ancestry]
   462 | D:1      | Reached XP level 2. HP: 22/24 MP: 2/2
  1057 | D:2      | Noticed Natasha
  1063 | D:2      | Killed Natasha
  1064 | D:2      | Gained mutation: Your movements are less encumbered by
                  | armour. (ER -4) [demonic ancestry]
  1064 | D:2      | Reached XP level 3. HP: 12/29 MP: 3/3
  1458 | D:2      | Reached skill level 3 in Axes
  1536 | D:2      | Noticed Natasha
  1552 | D:2      | Killed Natasha
  1553 | D:2      | Reached XP level 4. HP: 8/35 MP: 4/4
  1664 | D:2      | Noticed Natasha
  1826 | D:2      | Killed Natasha
  1990 | D:2      | Reached skill level 4 in Axes
  2245 | D:2      | Found a runed translucent door.
  2246 | D:2      | Noticed Crazy Yiuf
  2808 | D:3      | Gained mutation: You have a pair of small antennae on your
                  | head. [demonic ancestry]
  2808 | D:3      | Reached XP level 5. HP: 41/41 MP: 5/5
  3644 | D:4      | Reached skill level 5 in Axes
  3652 | D:4      | Gained mutation: Your movements are significantly less
                  | encumbered by armour. (ER -6) [demonic ancestry]
  3652 | D:4      | Reached XP level 6. HP: 41/47 MP: 6/6
  4083 | D:4      | HP: 1/47 [gnoll sergeant (10)]
  4083 | D:4      | Slain by a gnoll sergeant

Illustrated notes

Levels and vault maps discovered:
D:1:      dpeg_chamrin_arrival_tetris, layout_basic,
          dreamdust_ecumenical_altar_grove, serial_glass, glass_columns_a,
          glass_columns_a, glass_columns_a
D:2:      layout_loops_cross, uniq_crazy_yiuf_cottage, uniq_natasha
D:3:      layout_basic, minmay_misc_feat_square
D:4:      layout_basic, elyvilon_altar_4, grunt_ministairs_6,
          minmay_misc_feat_diagonals

Skill      XL: |  1  2  3  4  5 |
---------------+----------------+-----
Axes           | 2 3 4 5 |  5.7
Shields        | 3 |  3.0
Armour         | 3 |  3.0
Fighting       | |  3.2
Dodging        | |  0.5

Action                   |  1- 3 |  4- 6 || total
-------------------------+-------+-------++-------
Melee: War axe           |    88 |   127 ||   215
  Use: Scroll            |       |     7 ||     7
Armor: Scale mail        |    32 |    71 ||   103
Dodge: Dodged            |    40 |    66 ||   106
Block: Buckler           |    14 |    24 ||    38
